AoeStats
← bischoff620

Arabia

503286967Analyzed
1v1 RM · 1mo ago on Aug 31, 2026· 30m 24s· 2 players
Game mode
Random Map
Map size
Tiny (2 player)
Population
200
Speed
Normal
Resources
Standard
Victory
Conquest
Starting age
Dark Age
Ending age
Imperial Age
RankedLock teamsTeams togetherTeam positionsShared explorationLock speedFull tech treeHidden civsTurbo modeCheats
Victory
Defeat
🇹🇼 Franks · Taiwan
885
+18
🇺🇸 Bohemians · United States
936
-18
smilesouthboy
6:55 Loom
10:40 Feudal Age
11:24 Double-Bit Axe
19:02 Fletching
21:14 Town Watch
23:55 Castle Age
22:53 Scale Barding Armor
25:59 Forging
bischoff620
10:15 Feudal Age
16:39 Castle Age
Connection lost

Rejoining the realm…

Still unreachable

The connection could not be restored.

Session expired

The server has moved on; the page needs a fresh start.